 Dungeon Crawl Stone Soup version 0.29-a0-1033-gb6c65ffae6 (webtiles) character file.

Game seed: 15601412040798397784

101102 greasedhog the Unseen (level 16, -5/108 HPs)
             Began as a Gargoyle Brigand on Aug 14, 2022.
             Was the Champion of Dithmenos.
             Slain by a boulder beetle (20 damage)
             ... on level 2 of the Spider Nest on Aug 15, 2022.
             The game lasted 00:56:00 (23589 turns).

greasedhog the Unseen (Gargoyle Brigand)           Turns: 23589, Time: 00:56:01

Health: -5/108     AC:  7    Str: 16    XL:     16   Next: 29%
Magic:  0/26       EV: 22    Int: 13    God:    Dithmenos [******]
Gold:   1283       SH:  6    Dex: 23    Spells: 15/15 levels left

rFire   + . .      SeeInvis +   a - +11 long sword of Ivesahath {venom, *Corrode rF+ MP+9}
rCold   . . .      Faith    .   Y - +2 buckler
rNeg    + . .      Spirit   +   z - +0 troll leather armour
rPois   ∞          Reflect  .   Z - +2 helmet {SInv}
rElec   +          Harm     .   c - +0 cloak
rCorr   .          Rampage  .   O - +0 pair of gloves
Will    +....                   r - +0 pair of boots Stlth **++++++++
                                W - amulet of guardian spirit
HPRegen 1.08/turn               E - +6 ring of dexterity
MPRegen 0.20/turn               q - +4 ring of slaying

@: corroded, flying, wreathed by umbra
A: sickness immunity, AC +12, big wings, negative energy resistance 1,
electricity resistance, torment resistance 1, petrification resistance
a: Renounce Religion, Shadow Step, Shadow Form


You were on level 2 of the Spider Nest.
You worshipped Dithmenos.
Dithmenos was exalted by your worship.
You visited 5 branches of the dungeon, and saw 25 of its levels.
You visited the Abyss 1 time.

You collected 2015 gold pieces.
You spent 732 gold pieces at shops.

Inventory:

Hand Weapons
 a - the +11 long sword of Ivesahath (weapon) {venom, *Corrode rF+ MP+9}
   (You found it on level 2 of the Lair of Beasts)

   It poisons the flesh of those it strikes.
   rF:        It protects you from fire.
   MP:        It affects your magic capacity (+9).
   *Corrode:  It may corrode you when you take damage.
 b - a +2 rapier of holy wrath
Missiles
 d - 63 poisoned darts (quivered)
 e - 6 curare-tipped darts
 s - 2 atropa-tipped darts
 M - 3 throwing nets
Armour
 c - a +0 cloak (worn)
 r - a +0 pair of boots (worn)
 z - a +0 troll leather armour (worn)
 O - a +0 pair of gloves (worn)
 Y - a +2 buckler (worn)
 Z - a +2 helmet of see invisible (worn)
Jewellery
 k - a ring of protection from fire
 q - a +4 ring of slaying (right hand)
 E - a +6 ring of dexterity (left hand)
 W - an amulet of guardian spirit (around neck)
Wands
 l - a wand of charming (14)
 o - a wand of light (6)
 w - a wand of polymorph (11)
 I - a wand of flame (10)
 X - a wand of iceblast (14)
Scrolls
 f - 11 scrolls of teleportation
 j - 3 scrolls of blinking
 v - 2 scrolls of enchant armour
 y - a scroll of magic mapping
 B - 2 scrolls of poison
 G - 2 scrolls of enchant weapon
 J - 2 scrolls of silence
 K - 6 scrolls of fear
 L - 4 scrolls of amnesia
 R - a scroll of fog
 V - 3 scrolls of identify
Potions
 h - 14 potions of curing
 n - 3 potions of cancellation
 t - 4 potions of brilliance
 u - 3 potions of might
 C - 4 potions of mutation
 H - 2 potions of resistance {unknown}
 N - 5 potions of lignification
 P - 2 potions of ambrosia {unknown}
 S - 2 potions of berserk rage {unknown}
 T - 3 potions of haste {unknown}
 U - a potion of invisibility {unknown}
Miscellaneous
 Q - a condenser vane


   Skills:
 - Level 15.0 Fighting
 - Level 1.7(9.2) Short Blades
 - Level 14.0 Long Blades
 - Level 1.7 Throwing
 - Level 5.4 Armour
 * Level 13.5 Dodging
 - Level 15.0 Stealth
 * Level 2.2 Invocations


You had 15 spell levels left.
You didn't know any spells.
Your spell library contained the following spells:

 Spells                   Type           Power      Damage    Failure   Level
 Apportation              Tloc           0%         N/A       45%         1
 Magic Dart               Conj           0%         1d3       45%         1
 Necrotise                Necr           0%         1d4       45%         1
 Summon Small Mammal      Summ           0%         N/A       45%         1
 Call Imp                 Summ           0%         N/A       61%         2
 Conjure Flame            Conj/Fire      0%         6-21      83%         3
 Frozen Ramparts          Ice            0%         1d1       83%         3
 Ignite Poison            Fire/Tmut/Pois 0%         N/A       83%         3
 Mephitic Cloud           Conj/Pois/Air  0%         N/A       83%         3
 Stone Arrow              Conj/Erth      0%         3d7       83%         3
 Animate Armour           Summ/Erth      0%         N/A       99%         4
 Ice Form                 Ice/Tmut       0%         N/A       99%         4
 Sticky Flame             Conj/Fire      0%         2d3       99%         4
 Summon Ice Beast         Ice/Summ       0%         N/A       99%         4
 Freezing Cloud           Conj/Ice/Air   0%         6-21      100%        5
 Borgnjor's Revivificati  Necr           0%         N/A       100%        8
 Lehudib's Crystal Spear  Conj/Erth      0%         10d2      100%        8
 Necromutation            Tmut/Necr      0%         N/A       100%        8
 Death's Door             Necr           0%         N/A       100%        9


Dungeon Overview and Level Annotations

Branches:
Dungeon (15/15)            Temple (1/1) D:7            Lair (5/5) D:10
 Shoals (0/4) Lair:3       Spider (1/4) Lair:3        Slime (0/5) Lair:4
    Orc (2/2) D:11            Elf (0/3) Orc:2        Vaults (0/5) D:13
 Depths (0/4) D:15

Altars:
Ashenzari
Cheibriados
Dithmenos
Elyvilon
Fedhas
Gozag
Hepliaklqana
Kikubaaqudgha
Makhleb
Nemelex Xobeh
Okawaru
Qazlal
Ru
Sif Muna
Trog
Uskayaw
Vehumet
Wu Jian
Xom
Yredelemnul
Zin
The Shining One
Jiyva

Shops:
D:11 *   D:13 **   Orc:2 :*([

Portals:
Trove: D:10 (give 17 potions of curing)

Annotations:
Lair:4 1 runed translucent door


Innate Abilities, Weirdness & Mutations

You are immune to sickness and miasma.
Your stone body is resilient. (AC +12)
You are immune to poison.
Your large and strong wings let you fly.
You resist negative energy. (rN+)
You are resistant to electric shocks. (rElec)
You are resistant to unholy torment.
You are immune to petrification.


Message History

You miss the entropy weaver.
The entropy weaver is severely wounded.
Your shadow hits the entropy weaver but does no damage.
You hear a faint skittering sound. x2
You block the entropy weaver's attack.
The entropy weaver completely misses you.
You block the entropy weaver's attack. The entropy weaver hits you.
The boulder beetle bites you!
You barely miss the entropy weaver.
The entropy weaver is severely wounded.
Your shadow misses the entropy weaver. The entropy weaver hits you.
The entropy weaver completely misses you.
The entropy weaver hits you but does no damage.
The entropy weaver hits you.
The boulder beetle attacks as you move away!
You block the boulder beetle's attack.
The entropy weaver completely misses you.
The entropy weaver hits you but does no damage.
The entropy weaver hits you!
* * * LOW HITPOINT WARNING * * *
You emit a cloud of dark smoke.
The entropy weaver hits you.
* * * LOW HITPOINT WARNING * * *
You see here a +0 leather armour.
You feel better. The boulder beetle closely misses you.
The entropy weaver hits you but does no damage.
You block the entropy weaver's attack. The entropy weaver closely misses you.
The entropy weaver barely misses you.
Nothing appears to happen.
The entropy weaver gestures at you while chanting.
The entropic weave corrodes you! The boulder beetle bites you!
* * * LOW HITPOINT WARNING * * *
You block the entropy weaver's attack. The entropy weaver misses you.
The entropy weaver barely misses you. The entropy weaver hits you.
* * * LOW HITPOINT WARNING * * *
You emit a cloud of dark smoke.
You hear a faint skittering sound.
You hit the entropy weaver.
The entropy weaver is almost dead.
The boulder beetle bites you!!
You die...

## . .##.
##. #.#...
#..##...^.##
#.§§##....#
#§§B@#...##
#§B##....#
##§§#.s.#
##§§.#
#.§#.#
#.B..#
##..## ##..
....


You could see a boulder beetle and an entropy weaver (extremely poisoned).

Vanquished Creatures
  2 orc warlords (Orc:2)
  An entropy weaver (Spider:1)
  An ettin (D:15)
  5 hydras
  A rakshasa (D:13)
  Erolcha (D:11)
  4 two-headed ogres
  6 centaur warriors
  3 catoblepae (Lair:5)
  3 tengu warriors
  18 death yaks
  3 orc high priests (Orc:2)
  A skeletal warrior (D:14)
  A death drake (shapeshifter) (D:13)
  An orb spider (Spider:2)
  2 deep trolls (D:15)
  A wizard (D:14)
  A necromancer (D:15)
  6 deep elf pyromancers
  Pikel (D:7)
  6 orc knights
  19 ugly things
  7 cyclopes
  A wolf spider (D:14)
  An oklob plant (Lair:1)
  4 orc sorcerers (Orc:2)
  8 manticores
  9 elephants
  4 black mambas
  A smoke demon (Abyss:2)
  4 gargoyles
  An apocalypse crab (Abyss:2)
  14 cane toads
  Maggie (D:6)
  An unseen horror (shapeshifter) (D:15)
  A hellion (Abyss:2)
  An efreet (D:15)
  A kobold demonologist (D:9)
  3 rime drakes
  3 tengu conjurers
  3 komodo dragons
  2 polar bears (Lair:5)
  6 trolls
  9 meliai
  A wind drake (Lair:3)
  A meliai (shapeshifter) (D:15)
  Prince Ribbit (D:5)
  A wind drake (shapeshifter) (D:13)
  A hornet (shapeshifter) (D:13)
  A tarantella (Lair:3)
  A tarantella (shapeshifter) (D:13)
  13 blink frogs
  16 dream sheep
  9 slime creatures
  A shadow (D:11)
  5 wyverns
  2 vampires
  2 wraiths
  Sigmund (D:6)
  2 ynoxinuls (Abyss:2)
  41 yaks
  2 basilisks
  A yak (shapeshifter) (D:14)
  Grum (D:8)
  4 redbacks
  4 fire bats (D:10)
  2 steam dragons
  2 vampire mosquitoes (D:13)
  2 wargs
  3 acid dragons
  8 water moccasins
  A floating eye (shapeshifter) (D:15)
  A hell hound (D:10)
  6 black bears
  35 orc warriors
  2 sky beasts
  7 ogres
  17 wolves
  8 centaurs
  5 ice beasts
  A phantom (D:5)
  4 kobold brigands
  15 bullfrogs
  2 wyvern zombies (D:8)
  2 gnoll sergeants
  A necrophage (D:8)
  5 scorpions
  8 wights
  5 killer bees (D:9)
  4 centaur zombies (D:8)
  2 lava snakes (D:10)
  6 hounds
  A jelly (D:5)
  11 orc priests
  3 iguanas
  14 orc wizards
  11 hell rats
  2 killer bee zombies (D:8)
  14 gnolls
  5 adders
  2 shadow imps (D:6)
  2 white imps
  A worm (D:2)
  A dart slug (D:2)
  61 orcs
  4 giant cockroaches
  7 goblins
  12 hobgoblins
  7 jackals
  14 kobolds
  A quokka (D:4)
  10 ball pythons
  6 bats
  6 frilled lizards
  8 rats
  A fire vortex (D:10)
641 creatures vanquished.

Vanquished Creatures (collateral kills)
  A cyclops (D:11)
  3 slime creatures (D:12)
4 creatures vanquished.

Vanquished Creatures (others)
  An ugly thing (D:14)
  A human (D:5)
  An orc (D:10)
  2 fire vortices (D:10)
  69 fungi
  69 plants
143 creatures vanquished.

Grand Total: 788 creatures vanquished

Notes
Turn   | Place    | Note
-------+----------+-------------------------------------------
     0 | D:1      | greasedhog the Gargoyle Brigand began the quest for the
                  | Orb.
     0 | D:1      | Reached XP level 1. HP: 12/12 MP: 1/1
   421 | D:1      | Reached XP level 2. HP: 13/17 MP: 2/2
   446 | D:1      | Reached skill level 1 in Long Blades
   799 | D:1      | Found a faded altar of an unknown god.
   799 | D:1      | Noticed a great orb of eyes
  1002 | D:1      | Noticed a golden eye
  1003 | D:1      | Noticed an eye of devastation
  1003 | D:1      | Noticed a shining eye
  1151 | D:1      | Reached skill level 5 in Stealth
  1243 | D:1      | Reached XP level 3. HP: 21/21 MP: 3/3
  1777 | D:2      | Reached XP level 4. HP: 19/26 MP: 4/4
  2631 | D:3      | Found a radiant altar of Vehumet.
  2946 | D:3      | Found a glowing silver altar of Zin.
  3313 | D:4      | HP: 1/26 [gnoll/+0 club (4)]
  3636 | D:4      | Reached XP level 5. HP: 20/30 MP: 5/5
  3930 | D:4      | Noticed an ogre
  3936 | D:4      | Killed an ogre
  4021 | D:4      | Reached XP level 6. HP: 30/35 MP: 6/6
  4074 | D:4      | Noticed a steam dragon
  4099 | D:4      | Killed a steam dragon
  4108 | D:4      | Reached XP level 7. HP: 10/40 MP: 7/7
  4679 | D:4      | Found a blossoming altar of Fedhas.
  5014 | D:4      | Found a sparkling altar of Nemelex Xobeh.
  5155 | D:5      | Entered Level 5 of the Dungeon
  5306 | D:5      | Noticed Prince Ribbit
  5308 | D:5      | Killed Prince Ribbit
  5309 | D:5      | Reached skill level 5 in Long Blades
  5484 | D:5      | Found a glowing golden altar of the Shining One.
  5579 | D:5      | Reached XP level 8. HP: 40/44 MP: 8/8
  6115 | D:5      | You fall into a shaft and drop 1 floor!
  6130 | D:6      | Noticed Sigmund
  6134 | D:6      | Killed Sigmund
  6152 | D:6      | Reached skill level 10 in Stealth
  6603 | D:5      | Reached XP level 9. HP: 15/51 MP: 9/9
  6907 | D:5      | Found an ancient bone altar of Kikubaaqudgha.
  7067 | D:6      | Noticed Maggie
  7088 | D:6      | Killed Maggie
  7592 | D:6      | Reached skill level 5 in Fighting
  7611 | D:6      | Reached skill level 1 in Armour
  8468 | D:7      | Noticed Pikel
  8550 | D:7      | Found a staircase to the Ecumenical Temple.
  8563 | Temple   | Entered the Ecumenical Temple
  8649 | D:7      | Killed Pikel
  8650 | D:7      | Reached XP level 10. HP: 49/59 MP: 10/10
  8873 | D:8      | Identified the +0 flail "Jellybane" {elec, rElec}
  8892 | D:8      | Noticed Grum
  9135 | D:8      | Killed Grum
  9136 | D:8      | Reached skill level 5 in Armour
  9541 | D:8      | Found a basalt altar of Yredelemnul.
  9551 | D:8      | Reached skill level 1 in Dodging
  9720 | D:9      | Noticed a kobold demonologist
  9721 | D:9      | Killed a kobold demonologist
  9940 | D:9      | Found a shadowy altar of Dithmenos.
  9954 | D:9      | Noticed a two-headed ogre
  9971 | D:9      | Killed a two-headed ogre
  9977 | D:9      | Became a worshipper of Dithmenos the Shadowed
 10032 | D:9      | Reached XP level 11. HP: 63/63 MP: 11/11
 10211 | D:8      | Reached skill level 10 in Long Blades
 10335 | D:9      | Found a broken altar of Ashenzari.
 10514 | D:10     | Entered Level 10 of the Dungeon
 10687 | D:10     | Found a staircase to the Lair.
 10730 | D:10     | Reached * piety under Dithmenos
 10735 | D:10     | Found a white marble altar of Elyvilon.
 10818 | D:10     | Found a portal to a secret trove of treasure.
 11022 | D:10     | Found a bloodstained altar of Trog.
 11033 | D:10     | Noticed a two-headed ogre
 11036 | D:10     | Noticed a two-headed ogre
 11040 | D:10     | Killed a two-headed ogre
 11048 | D:10     | Killed a two-headed ogre
 11049 | D:10     | Reached skill level 5 in Dodging
 11393 | D:10     | Identified the +7 flail of Inflation {speed, Str+7}
 11499 | D:11     | Noticed a manticore
 11513 | D:11     | Killed a manticore
 11594 | D:11     | Noticed a centaur warrior
 11601 | D:11     | Killed a centaur warrior
 11611 | D:11     | Noticed Erolcha
 11621 | Abyss:2  | Cast into level 2 of the Abyss (Erolcha)
 11674 | Abyss:2  | Noticed a large abomination
 11720 | Abyss:2  | Reached ** piety under Dithmenos
 11736 | Abyss:2  | Noticed a wretched star
 11752 | Abyss:2  | Noticed an ophan
 11767 | Abyss:2  | Noticed a starcursed mass
 11920 | Abyss:2  | Noticed a wretched star
 11957 | Abyss:2  | Reached XP level 12. HP: 43/68 MP: 12/12
 11982 | Abyss:2  | Noticed a bunyip
 11988 | Abyss:2  | Noticed a cacodemon
 11999 | Abyss:2  | Noticed a revenant
 12002 | Abyss:2  | Noticed a reaper
 12079 | Abyss:3  | Noticed a wretched star
 12251 | Abyss:3  | Noticed a starcursed mass
 12257 | Abyss:3  | Noticed a bone dragon
 12259 | D:11     | Escaped the Abyss
 12275 | D:11     | Killed Erolcha
 12425 | D:11     | Found a staircase to the Orcish Mines.
 12571 | D:11     | Found Kugam's General Store.
 12580 | D:11     | Bought a potion of curing for 36 gold pieces
 12580 | D:11     | Bought a scroll of enchant armour for 90 gold pieces
 13073 | D:12     | Found an iron altar of Okawaru.
 13252 | D:12     | Identified the +8 spear of Fimbulwinter {drain, Stlth+}
 13502 | Lair:1   | Entered Level 1 of the Lair of Beasts
 14279 | Lair:1   | Reached *** piety under Dithmenos
 14479 | Lair:2   | Identified the +11 long sword of Ivesahath {venom, *Corrode
                  | rF+ MP+9}
 14966 | Lair:2   | Reached XP level 13. HP: 65/72 MP: 13/13
 15367 | Lair:3   | Found a staircase to the Shoals.
 15873 | Lair:3   | Reached **** piety under Dithmenos
 15900 | Lair:3   | Reached skill level 10 in Dodging
 16052 | Lair:3   | Found a hole to the Spider Nest.
 16967 | Lair:4   | Found a runed translucent door.
 16998 | Lair:4   | Noticed an azure jelly
 17002 | Lair:4   | Found a viscous altar of Jiyva.
 17002 | Lair:4   | Noticed an azure jelly
 17003 | Lair:4   | Found a staircase to the Slime Pits.
 17242 | Lair:4   | Identified the +11 shortbow "Concordance" {vorpal, Dex+7}
 17429 | Lair:5   | Entered Level 5 of the Lair of Beasts
 17511 | Lair:5   | Reached ***** piety under Dithmenos
 17573 | Lair:5   | Gained mutation: Your large and strong wings let you fly.
                  | [Gargoyle growth]
 17573 | Lair:5   | Reached XP level 14. HP: 17/84 MP: 14/14
 18047 | Lair:5   | Reached skill level 15 in Stealth
 18214 | Lair:5   | Reached skill level 10 in Fighting
 19174 | Orc:1    | Entered Level 1 of the Orcish Mines
 19392 | Orc:1    | Reached ****** piety under Dithmenos
 19434 | Orc:1    | Found a bloodstained altar of Trog.
 19555 | Orc:2    | Entered Level 2 of the Orcish Mines
 19599 | Orc:2    | Noticed an orc warlord
 19619 | Orc:2    | Killed an orc warlord
 19771 | Orc:2    | Found Qumask's Antique Weapon Emporium.
 19779 | Orc:2    | Reached XP level 15. HP: 96/96 MP: 15/15
 19802 | Orc:2    | Paralysed by an orc sorcerer for 3 turns
 19888 | Orc:2    | Found a staircase to the Elven Halls.
 19905 | Orc:2    | Found a burning altar of Makhleb.
 19948 | Orc:2    | Noticed an orc warlord
 19965 | Orc:2    | Killed an orc warlord
 20041 | Orc:2    | Found Plog's Book Boutique.
 20083 | Orc:2    | Found Ridigaqapn's General Store.
 20139 | Orc:2    | Bought a scroll of teleportation for 36 gold pieces
 20139 | Orc:2    | Bought a wand of iceblast (6) for 172 gold pieces
 20139 | Orc:2    | Bought a scroll of identify for 24 gold pieces
 20139 | Orc:2    | Bought a scroll of enchant armour for 90 gold pieces
 20139 | Orc:2    | Bought a potion of curing for 36 gold pieces
 20338 | Orc:2    | Found Faylaew's Antique Armour Shop.
 21187 | D:13     | Found a gate to the Vaults.
 21423 | D:13     | Found Mooll's General Store.
 21424 | D:13     | Found Gixetho's Specific Store.
 21445 | D:13     | Bought a scroll of fear for 64 gold pieces
 21445 | D:13     | Bought a +0 helmet of see invisible for 184 gold pieces
 21491 | D:14     | Identified the +9 great sword "Zaroqiuh" {freeze, rPois rC+
                  | Str-4 Dex+2}
 21695 | D:14     | Identified the +5 chain mail of the Forest {Rampage rC+ rN+
                  | Int+4}
 22322 | D:15     | Entered Level 15 of the Dungeon
 22498 | D:14     | Reached XP level 16. HP: 86/107 MP: 16/16
 22867 | D:15     | Identified the +0 dagger "Vusunk" {vorpal, rN+ Will+ Str+4
                  | Dex-4}
 22960 | D:15     | Reached skill level 15 in Fighting
 23121 | D:15     | Found a staircase to the Depths.
 23219 | D:15     | Reached skill level 1 in Invocations
 23539 | Spider:1 | Entered Level 1 of the Spider Nest
 23571 | Spider:1 | You are sucked into a shaft and drop 1 floor!
 23589 | Spider:2 | Slain by a boulder beetle

Illustrated notes

Levels and vault maps discovered:
D:1:      minmay_arrival_up_and_down, layout_basic,
          hellmonk_ecumenical_altar_watching_god
D:2:      layout_basic
D:3:      layout_basic, nicolae_overflow_crystal_walls, lemuel_round_altar,
          kennysheep_donut, nicolae_kite_square_tiling_tiny, minmay_statues_item
D:4:      layout_basic, lemuel_tele_altar, marbit_many_paths,
          nicolae_eternal_life, minmay_close_crescents
D:5:      layout_loops_ring, nicolae_tso_carved_into_rock, tgw_kikubaaqudgha,
          uniq_prince_ribbit1
D:6:      layout_loops_ring, minmay_crystal_water, st_stairs_4, nicolae_sextant,
          amcnicky_mini_pool_small, minmay_misc_feat_alley,
          minmay_misc_feat_iff, uniq_sigmund, uniq_maggie
D:7:      layout_rooms, minmay_temple_entry_mini_moons, uniq_pikel
D:8:      layout_cave_pools, nicolae_yredelemnul_corpse_copse, uniq_grum
D:9:      layout_basic, kennysheep_mini, mainiacjoe_overflow_catwalk,
          minmay_microvault
D:10:     layout_cave_pools, mainiacjoe_overflow_six_doors_small,
          mainiacjoe_overflow_boulevard, due_lair_maze_entry_diamond,
          enter_trove_0, hangedman_incinerator
D:11:     layout_small_grid, orc_0_dummy, serial_shops, nicolae_shop_crystal,
          uniq_erolcha
D:12:     layout_roguey, okawaru_metal_pillars_1_2
D:13:     minmay_evil_eye, layout_rooms, david_vaults_2, nicolae_specific_store
D:14:     layout_roguey, minmay_staircase_statues_hall_small,
          kennysheep_generic_room_7
D:15:     hangedman_depths_entry_civil_slaughter, layout_cave_pools,
          minmay_misc_feat_plants, grunt_decor_fettered,
          minmay_fractal_squares_diagonal_5
Temple:   minmay_freezing_vapour_temple
Lair:1:   wander_river, layout_loops_ring, dpeg_stationary_puzzle
Lair:2:   layout_regular_city, beast_lair_carwin_2
Lair:3:   layout_cave_pods, minmay_shoals_entry_beasts,
          spider_nest_entry_rubble, cheibrodos_lair_reptile_den
Lair:4:   layout_cave_pods, slime_entry_2, serial_bayou_shore_b,
          grunt_megastairs_3, lemuel_fruit_tree
Lair:5:   evilmike_catoblepas_cave, layout_cellular_growth
Spider:1: layout_spider_delve, nicolae_spider_checkerboard
Spider:2: layout_spider_delve
Orc:1:    layout_caves, basic_altar, trog_butcher_becter
Orc:2:    grunt_orc_gardens, layout_diamond_mine, grunt_orc_garden,
          grunt_orc_garden, grunt_orc_garden, grunt_orc_garden, bloody_makhleb

Skill      XL: |  1  2  3  4  5  6  7  8  9 10 11 12 13 14 15 16 |
---------------+-------------------------------------------------+-----
Long Blades    | 1 2 3 4 5 7 8 9 11 13 14 | 14.0
Stealth        | 5 6 7 8 10 12 14 15 | 15.0
Fighting       | 3 5 8 11 14 15 | 15.0
Armour         | 4 5 |  5.4
Dodging        | 3 6 9 10 11 13 | 13.5
Invocations    | 2 |  2.2
Short Blades   | |  1.7
Throwing       | |  1.7

Action                   |  1- 3 |  4- 6 |  7- 9 | 10-12 | 13-15 | 16-18 || total
-------------------------+-------+-------+-------+-------+-------+-------++-------
Melee: Dagger            |   149 |   119 |   216 |   134 |     6 |       ||   624
       Punch             |     1 |     2 |     2 |     5 |    17 |       ||    27
       Scimitar          |       |       |    55 |   269 |       |       ||   324
       Long sword        |       |       |       |    86 |  1020 |   132 ||  1238
       Rapier            |       |       |       |       |       |     5 ||     5
 Fire: Shortbow          |       |       |       |       |     6 |       ||     6
Throw: Dart              |     8 |     9 |    11 |     7 |       |       ||    35
Evoke: Wand              |       |     2 |     4 |    10 |     2 |       ||    18
       Condenser vane    |       |       |       |       |       |     1 ||     1
  Use: Scroll            |     3 |     2 |     3 |     9 |     9 |     2 ||    28
       Potion            |       |       |     1 |       |       |     1 ||     2
 Stab: Sleeping          |     3 |     5 |    13 |    40 |    34 |     3 ||    98
       Invisible         |       |       |     1 |     6 |     1 |       ||     8
       Distracted        |       |       |       |     3 |     8 |     1 ||    12
       Betrayed ally     |       |       |       |       |     1 |       ||     1
Armor: Robe              |    30 |       |       |       |       |       ||    30
       Leather armour    |    32 |    33 |    65 |       |       |       ||   130
       Steam dragon scal |       |       |    55 |    54 |       |       ||   109
       Acid dragon scale |       |       |       |     2 |       |       ||     2
       Troll leather arm |       |       |       |   123 |   256 |    38 ||   417
Dodge: Dodged            |    95 |    58 |   120 |   367 |   848 |   140 ||  1628
Block: Buckler           |       |       |       |       |    58 |    50 ||   108

Table legend: (Time is in decaauts)
 A = Elapsed time spent in this place.
 B = Non-inter-level travel time spent in this place.
 C = Inter-level travel time spent in this place.
 D = Time resting spent in this place.
 E = Time spent auto-exploring this place.
 F = Levels seen in this place.
 G = Mean time per level.
                   A        B        C        D        E       F      G
               +--------+--------+--------+--------+--------+-----+--------+
         Total |  23056 |  21845 |   1211 |   2718 |  14216 |  27 |  853.9 |
       Dungeon |  15475 |  14679 |    796 |   2266 |   9448 |  15 | 1031.7 |
        Temple |     15 |     15 |      0 |      0 |     10 |   1 |   15.0 |
          Lair |   5607 |   5264 |    343 |    169 |   3987 |   5 | 1121.4 |
   Spider Nest |     42 |     42 |      0 |      0 |      0 |   2 |   21.0 |
  Orcish Mines |   1297 |   1227 |     70 |    117 |    753 |   2 |  648.5 |
         Abyss |    618 |    618 |      0 |    166 |     16 |   2 |  309.0 |
               +--------+--------+--------+--------+--------+-----+--------+

Top non-repeatable levels by time:
     D:4: 1715 daAuts
     D:6: 1640 daAuts
     D:1: 1506 daAuts
  Lair:5: 1505 daAuts
     D:5: 1478 daAuts
     D:3: 1165 daAuts
  Lair:1: 1114 daAuts
  Lair:3: 1109 daAuts
    D:10: 1003 daAuts
  Lair:4: 964 daAuts
    D:14: 934 daAuts
   Orc:2: 922 daAuts
  Lair:2: 913 daAuts
    D:15: 857 daAuts
    D:13: 809 daAuts
